 Dungeon Crawl Stone Soup version 0.26.1-11-gd32895ea62 (webtiles) character file.

Game seed: 12455738643860095526

59 Zeld the Insei (level 4, 28/28 HPs)
             Began as an Octopode Transmuter on May 26, 2021.
             Quit the game on level 2 of the Dungeon.
             The game lasted 00:02:23 (1771 turns).

Zeld the Insei (Octopode Transmuter)                Turns: 1771, Time: 00:02:23

Health: 28/28      AC:  1    Str:  9 (10) XL:     4   Next: 3%
Magic:  8/8        EV: 13    Int: 12 (15) God:
Gold:   24         SH:  0    Dex: 10 (12) Spells: 2/8 levels left

rFire    . . .     SeeInvis .     - Unarmed
rCold    . . .     Faith    .   (no shield)
rNeg     . . .     Spirit   .   (helmet restricted)
rPois    .         Reflect  .   (no amulet)
rElec    .         Harm     .   (no ring)
rCorr    .         Rampage  .   (no ring)
Will     .....                  (no ring)
Stlth    ++........             (no ring)
HPRegen  0.09/turn              (no ring)
MPRegen  0.11/turn              (no ring)
                                (no ring)
                                (no ring)

@: no status effects
A: almost no armour, stealthy swim, amphibious, 8 rings, constrict 8, camouflage
1, gelatinous body 1
a: no special abilities


You were on level 2 of the Dungeon.
You visited 1 branch of the dungeon, and saw 2 of its levels.

You collected 24 gold pieces.

Inventory:

Jewellery
 j - an uncursed amulet of guardian spirit {unknown}
Scrolls
 d - a scroll of magic mapping {unknown}
 e - 4 scrolls of amnesia {unknown}
 f - a scroll of remove curse {unknown}
 g - 2 scrolls of identify {unknown}
Potions
 a - a potion of heal wounds {unknown}
 b - 2 potions of haste
 h - a potion of brilliance
 i - a potion of lignification {unknown}


   Skills:
 + Level 1.6 Fighting
 + Level 2.5 Dodging
 - Level 3.0 Unarmed Combat
 * Level 2.7 Spellcasting
 * Level 2.9 Transmutations


You had 2 spell levels left.
You knew the following spells:

 Your Spells              Type           Power        Failure   Level
a - Beastly Appendage     Tmut           16%          8%          1
b - Wereblood             Tmut           8%           12%         2
c - Spider Form           Tmut/Pois      2%           38%         3

Your spell library contained the following spells:

 Spells                   Type           Power        Failure   Level
 Ice Form                 Ice/Tmut       5%           80%         4
 Blade Hands              Tmut           4%           91%         5


Dungeon Overview and Level Annotations

Branches:
Dungeon (2/15)

Altars:


Innate Abilities, Weirdness & Mutations

You cannot wear most types of armour.
You are very stealthy in the water. (Stealth+)
You are amphibious.
You can wear up to eight rings at the same time.
You can use your tentacles to constrict eight enemies at once.
Your skin changes colour to match your surroundings (Stealth+).
Your rubbery body absorbs attacks. (AC +1, EV +1)


Message History

Your transformation is almost over.
You constrict the worm.
You tentacle-slap the worm but do no damage.
The worm is heavily wounded.
You constrict the worm. The worm bites you.
You tentacle-slap the worm but do no damage.
The worm is heavily wounded.
You constrict the worm. The worm closely misses you.
Unknown command.
You tentacle-slap the worm.
You pierce the worm.
You squeeze the worm.
You kill the worm!
You have reached level 4!
Okay, then.
Your tentacle spike disappears.
a - a sedimented grey potion A kobold comes into view.
It is wielding a +0 dagger.
A kobold is nearby!
A kobold is nearby!
A kobold is nearby!
Are you sure you want to abandon this character and quit the game? (Confirm with "yes".)

#.# #.# #.#
############.#
...........#.#
###############.#.#
................#.#
#################.#
K......@.#
##########


You could see a kobold (asleep).

Vanquished Creatures
  An adder (D:2)
  A worm (D:2)
  3 dart slugs (D:1)
  2 bats
  7 goblins (D:1)
  6 hobgoblins (D:1)
  5 jackals (D:1)
  7 kobolds (D:1)
  2 frilled lizards (D:1)
  3 rats
37 creatures vanquished.

Notes
Turn   | Place    | Note
-------+----------+-------------------------------------------
     0 | D:1      | Zeld the Octopode Transmuter began the quest for the Orb.
     0 | D:1      | Reached XP level 1. HP: 13/13 MP: 3/3
   128 | D:1      | Reached XP level 2. HP: 5/18 MP: 3/5
   342 | D:1      | Learned a level 2 spell: Wereblood
   566 | D:1      | Reached XP level 3. HP: 12/23 MP: 2/6
   570 | D:1      | Learned a level 3 spell: Spider Form
  1647 | D:2      | Reached XP level 4. HP: 20/28 MP: 8/8
  1771 | D:2      | Quit the game

Illustrated notes

Levels and vault maps discovered:
D:1:      dpeg_arrival_more_subterranean_lakeside_camping, layout_rooms
D:2:      layout_basic

Action                   |  1- 3 |  4- 6 || total
-------------------------+-------+-------++-------
Melee: Unarmed           |    74 |       ||    74
       Constrict         |    26 |       ||    26
       Kick              |    22 |       ||    22
       Tentacles         |    12 |       ||    12
 Cast: Beastly Appendage |    19 |       ||    19
       Wereblood         |     3 |       ||     3
  Use: Potion            |     4 |       ||     4
 Stab: Sleeping          |     5 |       ||     5
Armor: Skin              |     3 |       ||     3
Dodge: Dodged            |    56 |       ||    56
